 Dungeon Crawl Stone Soup version 0.29.1-15-g9cfb28693d (webtiles) character file.

Game seed: 10648487353360378767

4828 Artool the Fighter (level 10, -4/83 HPs)
             Began as a Demonspawn Fighter on Apr 6, 2023.
             Slain by a killer bee (7 damage)
             ... on level 8 of the Dungeon.
             The game lasted 00:59:41 (15715 turns).

Artool the Fighter (Demonspawn Fighter)            Turns: 15715, Time: 00:59:41

Health: -4/83      AC: 15    Str: 20    XL:     10   Next: 25%
Magic:  10/10      EV: 11    Int: 10    God:
Gold:   520        SH:  5    Dex: 13    Spells: 9/9 levels left

rFire   + . .      SeeInvis .   T - +1 whip (elec)
rCold   . . .      Faith    .   K - +1 buckler {rF+}
rNeg    . . .      Spirit   .   k - +0 scale mail
rPois   .          Reflect  .   (no helmet)
rElec   .          Harm     .   (cloak unavailable)
rCorr   +          Rampage  .   e - +0 pair of gloves
Will    .....                   O - +0 pair of boots
Stlth   ..........              (no amulet)
HPRegen 0.23/turn               p - +4 ring of protection
MPRegen 0.12/turn               G - ring of resist corrosion

@: lethally poisoned (-4 -> -21), slowed, very slow
A: repulsion field 1, demonic guardian 1, foul stench 1, weakness stinger 3
a: no special abilities


You were on level 8 of the Dungeon.
You visited 2 branches of the dungeon, and saw 10 of its levels.
You also visited: Bailey.

You collected 520 gold pieces.

Inventory:

Hand Weapons
 a - a +1 whip of pain
 b - a +2 sling of flaming
 v - a +2 antimagic trident
 T - a +1 whip of electrocution (weapon)
Missiles
 n - 65 stones
 y - 8 poisoned darts
 H - 6 throwing nets (quivered)
 I - 8 boomerangs
 R - 2 atropa-tipped darts
Armour
 e - a +0 pair of gloves (worn)
 k - a +0 scale mail (worn)
 l - the +1 leather armour "Wiwiub" {Int+4}
   (You found it on level 2 of the Dungeon)

   Int:       It affects your intelligence (+4).
 m - the +1 chain mail of the Terrible God {Int+5 Dex-5}
   (You found it on level 2 of the Dungeon)

   Int:       It affects your intelligence (+5).
   Dex:       It affects your dexterity (-5).
 K - a +1 buckler of fire resistance (worn)
 O - a +0 pair of boots (worn)
Magical Staves
 c - a staff of air
Jewellery
 p - a +4 ring of protection (left hand)
 B - a ring of protection from cold
 G - a ring of resist corrosion (right hand)
 M - a ring of wizardry
 U - an amulet of reflection
 W - a +6 ring of dexterity
Wands
 s - a wand of flame (57)
Scrolls
 f - 4 scrolls of identify
 g - 8 scrolls of teleportation {unknown}
 h - a scroll of magic mapping {unknown}
 j - a scroll of enchant armour {unknown}
 o - 3 scrolls of poison
 r - 2 scrolls of summoning {unknown}
 u - 2 scrolls of butterflies {unknown}
 x - a scroll of blinking {unknown}
 C - a scroll of enchant weapon {unknown}
 E - 2 scrolls of noise {unknown}
 F - a scroll of amnesia {unknown}
 J - a scroll of brand weapon {unknown}
 N - a scroll of fear {unknown}
 P - a scroll of vulnerability {unknown}
 Q - a scroll of immolation {unknown}
 S - a scroll of torment {unknown}
Potions
 d - 3 potions of might
 i - 3 potions of mutation
 q - 3 potions of curing
 t - 2 potions of brilliance {unknown}
 w - 3 potions of attraction {unknown}
 z - a potion of resistance {unknown}
 A - 4 potions of cancellation {unknown}
 D - a potion of lignification {unknown}
 L - a potion of invisibility {unknown}
 V - a potion of heal wounds
 X - a potion of flight {unknown}


   Skills:
 + Level 9.3 Fighting
 + Level 8.2 Maces & Flails
 + Level 8.5 Armour
 - Level 3.0 Shields


You had 9 spell levels left.
You didn't know any spells.
Your spell library contained the following spells:

 Spells                   Type           Power      Damage    Failure   Level
 Foxfire                  Conj/Fire      0%         2x1d4     77%         1
 Freeze                   Ice            0%         1d3       77%         1
 Conjure Flame            Conj/Fire      0%         6-21      98%         3
 Frozen Ramparts          Ice            0%         1d1       98%         3
 Ignite Poison            Fire/Tmut/Pois 0%         N/A       98%         3
 Inner Flame              Hex/Fire       0%         N/A       98%         3
 Mephitic Cloud           Conj/Pois/Air  0%         N/A       98%         3
 Ozocubu's Armour         Ice            0%         N/A       98%         3
 Flame Wave               Conj/Fire      0%         2d4       100%        4
 Hailstorm                Conj/Ice       0%         3d3       100%        4
 Leda's Liquefaction      Hex/Erth       0%         N/A       100%        4
 Summon Ice Beast         Ice/Summ       0%         N/A       100%        4
 Iskenderun's Battlesphe  Conj           0%         2d6       100%        5
 Lee's Rapid Deconstruct  Erth           0%         3d5*      100%        5
 Iron Shot                Conj/Erth      0%         9d1       100%        6
 Simulacrum               Ice/Necr       0%         N/A       100%        6
 Statue Form              Tmut/Erth      0%         N/A       100%        6
 Spellforged Servitor     Conj/Summ      0%         N/A       100%        7


Dungeon Overview and Level Annotations

Branches:
Dungeon (9/15)             Temple (1/1) D:7          Bailey (visited)
   Lair: D:8-11         Orc: D:9-12

Altars:
Cheibriados
Dithmenos
Fedhas
Gozag
Kikubaaqudgha
Nemelex Xobeh
Okawaru
Ru
Sif Muna
Trog
Uskayaw
Xom
Yredelemnul

Annotations:
D:3 Sigmund
D:5 2 runed translucent doors, engelados's ghost, amateur BaIE
D:6 5 runed translucent doors
D:7 Joseph


Innate Abilities, Weirdness & Mutations

You are surrounded by a mild repulsion field. (EV +2)
A weak demonic guardian rushes to your aid.
You may rarely emit foul miasma when damaged in melee.
You have a sharp stinger which inflicts weakening toxins.


Message History

Your ufetubus closely misses the killer bee.
The hornet is engulfed in dark miasma.
The hornet looks as sick as possible!
The hornet seems to slow down.
The hornet stings you but does no damage.
The killer bee stings you.
* * * LOW HITPOINT WARNING * * *
You are lethally poisoned!
The killer bee poisons you! The killer bee barely misses you.
Your ufetubus closely misses the killer bee. x2
You whack the killer bee!
Lightning courses through the killer bee!
You kill the killer bee!
* * * LOW HITPOINT WARNING * * *
You feel extremely sick.
You kill the hornet!
The killer bee stings you.
* * * LOW HITPOINT WARNING * * *
You are more poisoned.
The killer bee poisons you! You block the killer bee's attack.
Your ufetubus hits the killer bee.
Your ufetubus closely misses the killer bee.
You swap places.
* * * LOW HITPOINT WARNING * * *
You feel extremely sick. The killer bee stings you.
* * * LOW HITPOINT WARNING * * *
You emit a cloud of foul miasma!
The killer bee is engulfed in dark miasma.
The killer bee is poisoned.
The killer bee seems to slow down.
The killer bee closely misses you.
Your ufetubus closely misses the killer bee.
Your ufetubus completely misses the killer bee.
The killer bee is engulfed in dark miasma.
The killer bee looks even sicker.
The killer bee seems to slow down.
The killer bee stings you but does no damage.
Your ufetubus barely misses the killer bee. x2
You see here a killer bee corpse.
The killer bee attacks as you move away!
The killer bee stings you!
You die...

#..### #..# #..#
##### #..#
#...###..#
#........#
#...##...##
########......#..#
#y@.......###....#
#5######..# ####.#
#o# ##..# #.# #.#
#...# #.# #.#
#..## #.# ##.##
#..# #.#
#...####..#### #.#
#.....##>....# #.#
#...#.##.###.# #.#


You could see a killer bee (very poisoned, slow, ally target), an orc and a
friendly ufetubus (summoned).

Vanquished Creatures
  Pikel (D:7)
  Prince Ribbit (D:5)
  Grinder (D:4)
  2 hornets (D:8)
  A wyvern (D:7)
  A water moccasin (D:6)
  A sky beast (D:8)
  2 black bears (D:6)
  A wolf (D:8)
  2 ogres (D:7)
  A bullfrog (D:7)
  A necrophage (D:5)
  6 gnoll sergeants (D:6)
  2 scorpions
  7 wights
  12 killer bees
  A howler monkey (D:6)
  An orc priest (D:4)
  12 hounds
  2 jellies
  4 gnoll boudas
  Jessica (D:3)
  3 iguanas
  3 orc wizards (D:8)
  32 gnolls
  5 adders
  2 white imps
  An ufetubus (D:7)
  3 worms
  4 dart slugs
  24 orcs
  5 ball pythons
  3 endoplasms
  5 giant cockroaches
  5 goblins
  9 hobgoblins
  11 jackals
  7 kobolds
  3 quokkas
  5 bats
  6 frilled lizards
  3 rats
202 creatures vanquished.

Vanquished Creatures (collateral kills)
  A killer bee (D:7)
  3 gnolls
  2 orcs (D:4)
  A jackal (D:6)
7 creatures vanquished.

Vanquished Creatures (others)
  4 fungi (D:7)
4 creatures vanquished.

Grand Total: 213 creatures vanquished

Notes
Turn   | Place    | Note
-------+----------+-------------------------------------------
     0 | D:1      | Artool the Demonspawn Fighter began the quest for the Orb.
     0 | D:1      | Reached XP level 1. HP: 18/18 MP: 1/1
   291 | D:1      | Gained mutation: You are surrounded by a mild repulsion
                  | field. (EV +2) [demonic ancestry]
   291 | D:1      | Reached XP level 2. HP: 24/24 MP: 2/2
  1367 | D:2      | Gained mutation: You have a small tail. [demonic ancestry]
  1367 | D:2      | Reached XP level 3. HP: 29/29 MP: 3/3
  1415 | D:2      | Identified the +1 leather armour "Wiwiub" {Int+4}
  1671 | D:2      | Identified the +1 chain mail of the Terrible God {Int+5
                  | Dex-5}
  1701 | D:2      | Found a faded altar of an unknown god.
  2313 | D:2      | Found a faded altar of an unknown god.
  2799 | D:3      | Noticed Sigmund
  3065 | D:3      | Noticed a black bear
  3430 | D:3      | Gained mutation: A weak demonic guardian rushes to your
                  | aid. [demonic ancestry]
  3430 | D:3      | Reached XP level 4. HP: 37/37 MP: 4/4
  3441 | D:3      | Noticed Jessica
  3461 | D:3      | Killed Jessica
  3902 | D:4      | Reached skill level 4 in Fighting
  3902 | D:4      | Gained mutation: You may rarely emit foul miasma when
                  | damaged in melee. [demonic ancestry]
  3902 | D:4      | Reached XP level 5. HP: 27/42 MP: 5/5
  4184 | D:4      | Found a snail-covered altar of Cheibriados.
  4498 | D:4      | Noticed Grinder
  4502 | D:4      | Paralysed by Grinder for 2 turns
  4518 | D:4      | Killed Grinder
  4519 | D:4      | Gained mutation: You have a tail ending in a sharp stinger.
                  | [demonic ancestry]
  4519 | D:4      | Reached XP level 6. HP: 38/50 MP: 6/6
  4924 | D:5      | Entered Level 5 of the Dungeon
  5005 | D:5      | Reached skill level 5 in Fighting
  5062 | D:5      | Reached XP level 7. HP: 48/56 MP: 7/7
  5362 | D:5      | Noticed Prince Ribbit
  5581 | D:5      | Killed Prince Ribbit
  5582 | D:5      | Reached skill level 5 in Armour
  5968 | D:5      | Found a runed translucent door.
  6178 | D:5      | Noticed engelados's ghost (amateur BaIE)
  6207 | D:5      | Found a runed translucent door.
  6340 | D:6      | Reached skill level 6 in Fighting
  6340 | D:6      | Reached skill level 5 in Maces & Flails
  6412 | D:6      | You fall into a shaft and drop 1 floor!
  6454 | D:7      | Gained mutation: You have a sharp stinger which inflicts
                  | weakening toxins. [demonic ancestry]
  6454 | D:7      | Reached XP level 8. HP: 35/64 MP: 8/8
  6455 | D:7      | Found a shadowy altar of Dithmenos.
  7318 | D:6      | Found a runed translucent door.
  7321 | D:6      | Found a runed translucent gate.
  7322 | D:6      | Found a runed translucent gate.
  7330 | D:6      | Found a runed translucent gate.
  7333 | D:6      | Found a runed translucent door.
  7352 | D:6      | Found the +9 staff of Olgreb {rPois∞}
  8711 | D:6      | Reached skill level 7 in Fighting
  9566 | D:6      | Reached XP level 9. HP: 67/72 MP: 9/9
 10653 | D:6      | Got the Catalogue of Septic Frostbite
 11635 | D:7      | Found a staircase to the Ecumenical Temple.
 11642 | Temple   | Entered the Ecumenical Temple
 11883 | D:7      | Noticed Joseph
 12281 | D:7      | Reached skill level 8 in Fighting
 12349 | D:7      | Found a hide-covered altar of Uskayaw.
 12598 | D:8      | Found a flagged portal.
 12634 | Bailey   | Entered a bailey
 14769 | D:8      | Noticed Pikel
 15030 | D:7      | Killed Pikel
 15031 | D:7      | Reached skill level 9 in Fighting
 15031 | D:7      | Reached XP level 10. HP: 76/83 MP: 10/10
 15230 | D:8      | Found a bloodstained altar of Trog.
 15230 | D:8      | Found a blossoming altar of Fedhas.
 15231 | D:8      | Found an iron altar of Okawaru.
 15706 | D:8      | Paralysed by a hornet for 2 turns
 15714 | D:8      | HP: 3/83 [killer bee (4)]
 15715 | D:8      | Slain by a killer bee

Illustrated notes

Levels and vault maps discovered:
D:1:      heliophobic_arrival_glass_houses, layout_loops_ring,
          minmay_pentomino_z2
D:2:      layout_basic, basic_ecumenical_altar, st_stairs_13
D:3:      layout_loops_cross, lemuel_flame_loot_1, uniq_sigmund, uniq_jessica
D:4:      layout_loops_ring, kennysheep_slug_shrine, minmay_distorted,
          uniq_grinder
D:5:      layout_loops_ring, ebering_ghost_sewer_f, uniq_prince_ribbit1
D:6:      layout_cave_pods, serial_gnoll_camp, gnoll_camp_mini_hut,
          gnoll_camp_mini_sergeant, gnoll_camp_medium_02, gnoll_camp_mini_basic,
          gnoll_camp_mini_hut, gnoll_camp_mini_loothouse,
          minmay_guarded_unrand_staff_of_olgreb
D:7:      layout_cave_pools, general_overflow_altar, grunt_dithmenos_smoke,
          temple_green, abandoned_shop, dreamdust_gnoll_farm, uniq_joseph
D:8:      layout_loops_ring, chequers_temple_overflow_statue_of_worship,
          enter_bailey_4, uniq_pikel
D:9:      layout_long_grid, mainiacjoe_overflow_alcove_3, corner_web_ring
Temple:   nicolae_temple_superstar

Skill      XL: |  1  2  3  4  5  6  7  8  9 10 |
---------------+-------------------------------+-----
Maces & Flails | 2 3 4 5 6 7 8 |  8.2
Armour         | 3 4 5 6 8 |  8.5
Shields        | 3 |  3.0
Fighting       | 4 5 6 7 9 |  9.3

Action                   |  1- 3 |  4- 6 |  7- 9 | 10-12 || total
-------------------------+-------+-------+-------+-------++-------
Melee: Flail             |   118 |   108 |   131 |       ||   357
       Tailslap          |     2 |    11 |   126 |    10 ||   149
       Whip              |       |       |   623 |    48 ||   671
 Fire: Sling             |       |       |    20 |       ||    20
Throw: Boomerang         |       |       |     3 |       ||     3
       Stone             |       |       |     1 |       ||     1
       Throwing net      |       |       |     2 |       ||     2
  Use: Potion            |       |       |     6 |       ||     6
       Scroll            |       |       |     3 |       ||     3
Armor: Scale mail        |    45 |    35 |   366 |    58 ||   504
Dodge: Dodged            |    67 |    61 |   404 |    28 ||   560
Block: Buckler           |    29 |    20 |   248 |    11 ||   308
